PL
CHICAGO GOLD SOX @ NORTHERN VIRGINIA RAINBOW MERMAIDS
04/23/2034
 
TOP OF THE 1ST
Chicago Gold Sox batting - Pitching for Northern Virginia Rainbow Mermaids : RHP Mimosa Joseph
Pitching: RHP Mimosa Joseph
Batting: RHB Mario Álvarez 0-0: Called Strike
0-1: Ball
1-1: Called Strike
1-2: Foul Ball, location: 2F
1-2: SINGLE (Groundball, 3D)
Batting: LHB Roberto Vázquez 0-0: Ball
1-0: Called Strike
1-1: Ball
2-1: Foul Ball, location: 2F
2-2: SINGLE (Groundball, 6D)
Mario Álvarez to second
Batting: LHB Shigenobu Ohayashi 0-0: Foul Ball, location: 2F
0-1: Swinging Strike
0-2: Foul Ball, location: 2F
0-2: Foul Ball, location: 2F
0-2: Strikes out swinging
Batting: SHB Valentín Guzmán 0-0: Called Strike
0-1: Ball
1-1: Swinging Strike
1-2: Foul Ball, location: 2F
1-2: Strikes out swinging
Batting: RHB Hirohisa Ogasawara 0-0: Ball
1-0: Fly out, F7 (Flyball, 7S)
Top of the 1st over - 0 runs, 2 hits, 0 errors, 2 left on base; Chicago 0 - Northern Virginia 0
BOTTOM OF THE 1ST
Northern Virginia Rainbow Mermaids batting - Pitching for Chicago Gold Sox : RHP Ryunosuke Kurota
Pitching: RHP Ryunosuke Kurota
Batting: RHB Juan Jose Ayala 0-0: Called Strike
0-1: Swinging Strike
0-2: Foul Ball, location: 2F
0-2: Ball
1-2: Fly out, F7 (Line Drive, 7S)
Batting: LHB Ty Tomblin 0-0: Ball
1-0: Fly out, F9 (Flyball, 9)
Batting: SHB Eustacio Tafalla 0-0: Foul Ball, location: 2F
0-1: Called Strike
0-2: Foul Ball, location: 2F
0-2: Ball
1-2: Ball
2-2: Foul Ball, location: 2F
2-2: Strikes out looking
Bottom of the 1st over - 0 runs, 0 hits, 0 errors, 0 left on base; Chicago 0 - Northern Virginia 0
TOP OF THE 2ND
Chicago Gold Sox batting - Pitching for Northern Virginia Rainbow Mermaids : RHP Mimosa Joseph
Batting: LHB Miguel Gazivoda 0-0: Fly out, F8 (Flyball, 8RM)
Batting: RHB Zeus Preckwinkle 0-0: Ball
1-0: Called Strike
1-1: Ball
2-1: Ball
3-1: Foul Ball, location: 2F
3-2: Foul Ball, location: 2F
3-2: Base on Balls
Batting: RHB Jeb Sexton 0-0: Called Strike
0-1: Ball
1-1: Foul Ball, location: 2F
1-2: Foul Ball, location: 2F
1-2: Strikes out swinging
Batting: RHB Lee Storment 0-0: Called Strike
0-1: Foul Ball, location: 2F
0-2: TRIPLE (Flyball, 9D)
Zeus Preckwinkle scores
Batting: RHB Mario Álvarez 0-0: Ground out 5-3 (Groundball, 56)
Top of the 2nd over - 1 run, 1 hit, 0 errors, 1 left on base; Chicago 1 - Northern Virginia 0
BOTTOM OF THE 2ND
Northern Virginia Rainbow Mermaids batting - Pitching for Chicago Gold Sox : RHP Ryunosuke Kurota
Batting: SHB Melito Báez 0-0: Called Strike
0-1: Ball
1-1: Swinging Strike
1-2: Strikes out swinging
Batting: LHB Scott Kerin 0-0: SINGLE (Groundball, 34D)
Batting: RHB Zahid Kashani 0-0: Ball
1-0: Ball
2-0: Called Strike
2-1: Ball
3-1: Base on Balls
Scott Kerin to second
Batting: LHB José Ruíz 0-0: Ball
1-0: Ball
2-0: Ball
3-0: Base on Balls
Scott Kerin to third
Zahid Kashani to second
Batting: SHB Takashi Noda 0-0: Ball
1-0: Foul Ball, location: 2F
1-1: Swinging Strike
1-2: Strikes out swinging
Batting: SHB Galtero Suárez 0-0: Ball
1-0: Called Strike
1-1: Swinging Strike
1-2: Strikes out swinging
Bottom of the 2nd over - 0 runs, 1 hit, 0 errors, 3 left on base; Chicago 1 - Northern Virginia 0
TOP OF THE 3RD
Chicago Gold Sox batting - Pitching for Northern Virginia Rainbow Mermaids : RHP Mimosa Joseph
Batting: LHB Roberto Vázquez 0-0: Called Strike
0-1: Swinging Strike
0-2: Ball
1-2: Fly out, F9 (Flyball, 9D)
Batting: LHB Shigenobu Ohayashi 0-0: Ball
1-0: Ground out 6-3 (Groundball, 6)
Batting: SHB Valentín Guzmán 0-0: Called Strike
0-1: Ball
1-1: Foul Ball, location: 2F
1-2: Strikes out swinging
Top of the 3rd over - 0 runs, 0 hits, 0 errors, 0 left on base; Chicago 1 - Northern Virginia 0
BOTTOM OF THE 3RD
Northern Virginia Rainbow Mermaids batting - Pitching for Chicago Gold Sox : RHP Ryunosuke Kurota
Batting: RHB Juan Jose Ayala 0-0: Foul Ball, location: 2F
0-1: Ball
1-1: Called Strike
1-2: Ball
2-2: Ball
3-2: Strikes out swinging
Batting: LHB Ty Tomblin 0-0: Ball
1-0: Ball
2-0: SINGLE (Line Drive, 34D)
Batting: SHB Eustacio Tafalla 0-0: Ball
Wild Pitch!
Ty Tomblin to second
1-0: Ball
2-0: Fly out, F9 (Flyball, 9LMF)
Batting: SHB Melito Báez 0-0: Ball
1-0: Ground out 5-3 (Groundball, 5)
Bottom of the 3rd over - 0 runs, 1 hit, 0 errors, 1 left on base; Chicago 1 - Northern Virginia 0
TOP OF THE 4TH
Chicago Gold Sox batting - Pitching for Northern Virginia Rainbow Mermaids : RHP Mimosa Joseph
Batting: RHB Hirohisa Ogasawara 0-0: Foul Ball, location: 2F
0-1: Ball
1-1: Ground out 5-3 (Groundball, 56)
Batting: LHB Miguel Gazivoda 0-0: Ball
1-0: Ball
2-0: Fly out, F5 (Popup, 25F)
Batting: RHB Zeus Preckwinkle 0-0: Ball
1-0: Ball
2-0: Called Strike
2-1: Ball
3-1: Swinging Strike
3-2: Foul Ball, location: 2F
3-2: Base on Balls
Batting: RHB Jeb Sexton 0-0: Ball
1-0: Called Strike
Zeus Preckwinkle steals 2nd base
1-1: Called Strike
1-2: Strikes out swinging
Top of the 4th over - 0 runs, 0 hits, 0 errors, 1 left on base; Chicago 1 - Northern Virginia 0
BOTTOM OF THE 4TH
Northern Virginia Rainbow Mermaids batting - Pitching for Chicago Gold Sox : RHP Ryunosuke Kurota
Batting: LHB Scott Kerin 0-0: Ball
1-0: Foul Ball, location: 2F
1-1: Ball
2-1: Ball
3-1: SINGLE (Flyball, 78S)
Batting: RHB Zahid Kashani 0-0: Called Strike
0-1: Swinging Strike
0-2: Ball
1-2: Ball
2-2: Foul Ball, location: 2F
2-2: Ball
3-2: SINGLE (Groundball, 56D)
Scott Kerin to second
Batting: LHB José Ruíz 0-0: Ball
1-0: Foul Ball, location: 2F
1-1: Swinging Strike
1-2: Foul Ball, location: 2F
1-2: Fly out, F8 (Flyball, 8RS)
Batting: SHB Takashi Noda 0-0: Ball
1-0: Called Strike
1-1: Swinging Strike
1-2: Foul Ball, location: 2F
1-2: SINGLE (Groundball, 34D)
Scott Kerin to third
Zahid Kashani to second
Runner from 3rd tries for Home, SAFE, no throw
Batting: SHB Galtero Suárez 0-0: Foul Ball, location: 2F
0-1: Ball
1-1: SINGLE (Groundball, 56D)
Zahid Kashani to third
Takashi Noda to second
Runner from 3rd tries for Home, SAFE, no throw
Batting: RHB Juan Jose Ayala 0-0: Ball
1-0: Ball
2-0: Called Strike
2-1: SINGLE (Line Drive, 7LS)
Takashi Noda to third
Galtero Suárez to second
Batting: LHB Ty Tomblin 0-0: Called Strike
0-1: Ball
1-1: Called Strike
1-2: Strikes out swinging
Batting: SHB Eustacio Tafalla 0-0: Ball
1-0: Foul Ball, location: 2F
1-1: Fly out, F3 (Popup, 34)
Bottom of the 4th over - 2 runs, 5 hits, 0 errors, 3 left on base; Chicago 1 - Northern Virginia 2
TOP OF THE 5TH
Chicago Gold Sox batting - Pitching for Northern Virginia Rainbow Mermaids : RHP Mimosa Joseph
Pitching: RHP Folkert van Huizen
Batting: RHB Lee Storment 0-0: Ball
1-0: Ball
2-0: Foul Ball, location: 2F
2-1: Ball
3-1: Called Strike
3-2: SINGLE (Groundball, 25) (infield hit)
Batting: RHB Mario Álvarez 0-0: Ball
1-0: Ball
Lee Storment steals 2nd base
2-0: Called Strike
2-1: Ball
3-1: Base on Balls
Batting: LHB Roberto Vázquez 0-0: Foul Ball, location: 2F
0-1: Swinging Strike
0-2: Ball
1-2: Ball
2-2: Foul Ball, location: 2F
2-2: Strikes out swinging
Batting: LHB Shigenobu Ohayashi 0-0: Fielders Choice at 2nd, 6-4 (Groundball, 6)
Lee Storment to third
Batting: SHB Valentín Guzmán 0-0: Fly out, F3 (Line Drive, 3)
Top of the 5th over - 0 runs, 1 hit, 0 errors, 2 left on base; Chicago 1 - Northern Virginia 2
BOTTOM OF THE 5TH
Northern Virginia Rainbow Mermaids batting - Pitching for Chicago Gold Sox : RHP Ryunosuke Kurota
Pitching: RHP Mario Gonzáles
Batting: SHB Melito Báez 0-0: Ball
1-0: Swinging Strike
1-1: SINGLE (Flyball, 78M)
Batting: LHB Scott Kerin 0-0: Ball
1-0: Fly out, F2 (Popup, 23F)
Batting: RHB Zahid Kashani 0-0: Swinging Strike
Melito Báez is caught stealing 2nd base
0-1: Foul Ball, location: 2F
0-2: Ground out U3 (Groundball, 3)
Bottom of the 5th over - 0 runs, 1 hit, 0 errors, 0 left on base; Chicago 1 - Northern Virginia 2
TOP OF THE 6TH
Chicago Gold Sox batting - Pitching for Northern Virginia Rainbow Mermaids : RHP Folkert van Huizen
Batting: RHB Hirohisa Ogasawara 0-0: Ball
1-0: Called Strike
1-1: Foul Ball, location: 2F
1-2: Ball
2-2: Strikes out swinging
Pitching: RHP Kingston Liniak
Batting: LHB Miguel Gazivoda 0-0: Ball
1-0: Called Strike
1-1: Fly out, F4 (Line Drive, 4M)
Batting: RHB Zeus Preckwinkle 0-0: Ball
1-0: Swinging Strike
1-1: Ball
2-1: Ground out 6-3 (Groundball, 6)
Top of the 6th over - 0 runs, 0 hits, 0 errors, 0 left on base; Chicago 1 - Northern Virginia 2
BOTTOM OF THE 6TH
Northern Virginia Rainbow Mermaids batting - Pitching for Chicago Gold Sox : RHP Mario Gonzáles
Batting: LHB José Ruíz 0-0: Fly out, F7 (Line Drive, 7)
Batting: SHB Takashi Noda 0-0: Ground out 3-1 (Groundball, 34S)
Batting: SHB Galtero Suárez 0-0: Ground out 4-3 (Groundball, 4)
Bottom of the 6th over - 0 runs, 0 hits, 0 errors, 0 left on base; Chicago 1 - Northern Virginia 2
TOP OF THE 7TH
Chicago Gold Sox batting - Pitching for Northern Virginia Rainbow Mermaids : RHP Kingston Liniak
Batting: RHB Jeb Sexton 0-0: Ball
1-0: Ball
2-0: Foul Ball, location: 2F
2-1: Ball
3-1: Fly out, F3 (Popup, 34)
Batting: RHB Lee Storment 0-0: Called Strike
0-1: Ball
1-1: Called Strike
1-2: Strikes out swinging
Pinch Hitting: LHB Count Dante 0-0: Ball
1-0: Called Strike
1-1: Foul Ball, location: 2F
1-2: Ball
2-2: SINGLE (Flyball, 78S)
Pitching: RHP Guldemunde Geilinger
Pinch Hitting: RHB Shimei Miura 0-0: Ball
1-0: Called Strike
1-1: Ball
2-1: Ball
3-1: Called Strike
Count Dante steals 2nd base
3-2: 2-RUN HOME RUN (Flyball, 7D), Distance : 374 ft
Pinch Hitting: SHB Lupo Cotto 0-0: Called Strike
0-1: Called Strike
0-2: SINGLE (Flyball, 89S)
Batting: RHB Ramón Rodríguez 0-0: Ball
1-0: Called Strike
1-1: Ball
2-1: Swinging Strike
2-2: Strikes out looking
Top of the 7th over - 2 runs, 3 hits, 0 errors, 1 left on base; Chicago 3 - Northern Virginia 2
BOTTOM OF THE 7TH
Northern Virginia Rainbow Mermaids batting - Pitching for Chicago Gold Sox : RHP Mario Gonzáles
Now at 1B: Lupo Cotto
Now at 3B: Shimei Miura
Now in RF: Count Dante
Pinch Hitting: RHB Carlos Rúbio 0-0: Ball
1-0: Called Strike
1-1: Ground out 5-3 (Groundball, 5)
Pinch Hitting: LHB Shelby Noonan 0-0: Foul Ball, location: 2F
0-1: Ground out 4-3 (Groundball, 34D)
Pinch Hitting: LHB Dana Waldrip 0-0: Ball
1-0: Ball
2-0: Foul Ball, location: 2F
2-1: Foul Ball, location: 2F
2-2: Foul Ball, location: 2F
2-2: Ball
3-2: Strikes out swinging
Bottom of the 7th over - 0 runs, 0 hits, 0 errors, 0 left on base; Chicago 3 - Northern Virginia 2
TOP OF THE 8TH
Chicago Gold Sox batting - Pitching for Northern Virginia Rainbow Mermaids : RHP Guldemunde Geilinger
Now at 1B: Shelby Noonan
Now at SS: Dana Waldrip
Now in LF: Carlos Rúbio
Pinch Hitting: LHB William O'Keefe 0-0: Ball
1-0: Called Strike
1-1: SINGLE (Groundball, 34) (infield hit)
Pinch Runner at 1st Ramón Flores:
Batting: LHB Miguel Gazivoda 0-0: Ball
1-0: Ball
2-0: Called Strike
2-1: Swinging Strike
2-2: Strikes out swinging
Pitching: LHP Francisco Torres
Pinch Hitting: RHB Jay Hood 0-0: Ball
Throwing error on steal attempt, E2
Ramón Flores to third
1-0: Intentional Walk
Pinch Hitting: RHB Felix Plugge 0-0: Ball
1-0: Called Strike
1-1: Ball
2-1: DOUBLE (Line Drive, 8LD)
Ramón Flores scores
Jay Hood to third
Pinch Hitting: RHB Berihun Tukufu 0-0: Foul Ball, location: 2F
0-1: Ball
1-1: Foul Ball, location: 2F
1-2: Ball
2-2: Ball
3-2: SINGLE (Line Drive, 6D)
Jay Hood scores
Felix Plugge to third
Batting: LHB Count Dante 0-0: Ball
1-0: Ball
2-0: Foul Ball, location: 2F
2-1: Called Strike
2-2: Ball
3-2: Foul Ball, location: 2F
3-2: Strikes out swinging
Batting: RHB Shimei Miura 0-0: Ball
1-0: 3-RUN HOME RUN (Flyball, 78XD), Distance : 455 ft
Batting: SHB Lupo Cotto 0-0: Called Strike
0-1: Ball
1-1: Fly out, F5 (Popup, 56)
Top of the 8th over - 5 runs, 4 hits, 1 error, 0 left on base; Chicago 8 - Northern Virginia 2
BOTTOM OF THE 8TH
Northern Virginia Rainbow Mermaids batting - Pitching for Chicago Gold Sox : RHP Mario Gonzáles
Now at C: Pedro Torres
Now at 2B: Ramón Flores
Now at SS: Alex Mable
Now in LF: Jay Hood
Now in CF: Daniel Bertrand
Pinch Hitting: RHB Colt Cabana 0-0: Called Strike
0-1: Foul Ball, location: 2F
0-2: Ball
1-2: Foul Ball, location: 2F
1-2: SINGLE (Line Drive, 8LS)
Batting: LHB Bart Walton 0-0: Fly out, F8 (Line Drive, 8LM)
Pinch Hitting: LHB Rio Mence 0-0: Ball
1-0: Foul Ball, location: 2F
1-1: DOUBLE (Line Drive, 9LD)
Colt Cabana to third
Pinch Hitting: RHB Ray Walker 0-0: Ball
1-0: Foul Ball, location: 2F
1-1: Foul Ball, location: 2F
1-2: Ball
2-2: Ball
3-2: Foul Ball, location: 2F
3-2: Base on Balls
Pinch Hitting: LHB Bartholomew Bailey 0-0: Called Strike
0-1: Swinging Strike
0-2: Ball
Wild Pitch!
Colt Cabana scores
Rio Mence to third
Ray Walker to second
1-2: Strikes out swinging
Batting: SHB Galtero Suárez 0-0: Fly out, F5 (Line Drive, 56)
Bottom of the 8th over - 1 run, 2 hits, 0 errors, 2 left on base; Chicago 8 - Northern Virginia 3
TOP OF THE 9TH
Chicago Gold Sox batting - Pitching for Northern Virginia Rainbow Mermaids : LHP Francisco Torres
Pitching: RHP Christian Mustard
Now at 2B: Bartholomew Bailey
Now at 3B: Rio Mence
Now in CF: Ray Walker
Now in RF: Colt Cabana
Batting: RHB Ramón Rodríguez 0-0: Fly out, F5 (Line Drive, 5)
Batting: LHB Ramón Flores 0-0: Ball
1-0: Called Strike
1-1: Foul Ball, location: 2F
1-2: DOUBLE (Line Drive, 8LD)
Batting: RHB Pedro Torres 0-0: Called Strike
Ramón Flores steals 3rd base
0-1: 2-RUN HOME RUN (Flyball, 7LD), Distance : 364 ft
Batting: RHB Jay Hood 0-0: Ball
1-0: Ball
2-0: SINGLE (Groundball, 56S) (infield hit)
Batting: SHB Alex Mable 0-0: Swinging Strike
0-1: Foul Ball, location: 2F
0-2: Foul Ball, location: 2F
0-2: Ball
1-2: Foul Ball, location: 2F
1-2: Strikes out swinging
Batting: RHB Daniel Bertrand 0-0: Called Strike
0-1: Fly out, F4 (Popup, 4S)
Top of the 9th over - 2 runs, 3 hits, 0 errors, 1 left on base; Chicago 10 - Northern Virginia 3
BOTTOM OF THE 9TH
Northern Virginia Rainbow Mermaids batting - Pitching for Chicago Gold Sox : RHP Mario Gonzáles
Batting: RHB Carlos Rúbio 0-0: Called Strike
0-1: Ground out 5-3 (Groundball, 56S)
Batting: LHB Shelby Noonan 0-0: Ball
1-0: Ball
2-0: Foul Ball, location: 2F
2-1: DOUBLE (Flyball, 8LXD)
Batting: LHB Dana Waldrip 0-0: Called Strike
0-1: Ball
1-1: Ball
2-1: Foul Ball, location: 2F
2-2: Foul Ball, location: 2F
2-2: Foul Ball, location: 2F
2-2: Foul Ball, location: 2F
2-2: SINGLE (Groundball, 56S) (infield hit)
Shelby Noonan to third
Batting: RHB Colt Cabana 0-0: SINGLE (Groundball, 6D)
Shelby Noonan scores
Dana Waldrip to second
Batting: LHB Bart Walton 0-0: Called Strike
0-1: Swinging Strike
0-2: Ball
1-2: Ball
2-2: SINGLE (Line Drive, 6MD)
Dana Waldrip to third
Colt Cabana to second
Pitching: LHP Dale Snider
Batting: LHB Rio Mence 0-0: Reached on error, E5 (Groundball, 5S)
Dana Waldrip scores
Colt Cabana to third
Bart Walton to second
Batting: RHB Ray Walker 0-0: Ball
1-0: Ball
2-0: Ball
3-0: Base on Balls
Colt Cabana scores
Bart Walton to third
Rio Mence to second
Pinch Hitting: RHB Tommy Socorro 0-0: Fly out, F7 (Flyball, 7D)
Runner from 3rd tags up, SCORES, no throw
Pinch Hitting: RHB Brian Moring 0-0: Swinging Strike
0-1: Foul Ball, location: 2F
0-2: Strikes out swinging
Bottom of the 9th over - 4 runs, 4 hits, 1 error, 2 left on base; Chicago 10 - Northern Virginia 7
Friday, March 29th, 2019 - OOTP Baseball 18.8 Build 76